 Dungeon Crawl Stone Soup version 0.27-a0-1196-g3e9cee4cb2 (webtiles) character file.

Game seed: 17349008373165510036

2 Shayle the Vexing (level 1, -2/13 HPs)
             Began as a Demonspawn Enchanter on May 29, 2021.
             Slain by a kobold
             ... wielding a +0 spear
              (5 damage)
             ... on level 1 of the Dungeon.
             The game lasted 00:00:43 (270 turns).

Shayle the Vexing (Demonspawn Enchanter)             Turns: 270, Time: 00:00:43

Health: -2/13      AC:  3    Str:  8    XL:     1   Next: 25%
Magic:  3/3        EV: 12    Int: 16    God:
Gold:   14         SH:  0    Dex: 13    Spells: 3/4 levels left

rFire    . . .     SeeInvis .   a - +1 dagger
rCold    . . .     Faith    .   (no shield)
rNeg     . . .     Spirit   .   b - +0 robe
rPois    .         Reflect  .   (no helmet)
rElec    .         Harm     .   (no cloak)
rCorr    .         Rampage  .   c - +0 pair of gloves
Will     .....                  (no boots)
Stlth    ++........             (no amulet)
HPRegen  0.04/turn              (no ring)
MPRegen  0.08/turn              (no ring)

@: no status effects
A: no striking features
a: no special abilities


You were on level 1 of the Dungeon.
You visited 1 branch of the dungeon, and saw 1 of its levels.

You collected 14 gold pieces.

Inventory:

Hand Weapons
 a - a +1 dagger (weapon)
Armour
 b - a +0 robe (worn)
 c - a +0 pair of gloves (worn)


   Skills:
 * Level 0.2 Fighting
 - Level 0.8 Short Blades
 + Level 1.8 Dodging
 + Level 2.7 Stealth
 - Level 2.0 Spellcasting
 - Level 3.0 Hexes


You had 3 spell levels left.
You knew the following spells:

 Your Spells              Type           Power      Damage    Failure   Level
a - Corona                Hex            12%        N/A       6%          1

Your spell library contained the following spells:

 Spells                   Type           Power      Damage    Failure   Level
 Ensorcelled Hibernation  Hex/Ice        12%        N/A       17%         2
 Confusing Touch          Hex            11%        N/A       19%         3
 Tukima's Dance           Hex            11%        N/A       19%         3
 Dazzling Flash           Conj/Hex       12%        N/A       32%         3


Dungeon Overview and Level Annotations

Branches:
Dungeon (1/15)

Altars:


Message History

Things that are here:
a +0 club; a goblin corpse You see here 7 boomerangs.
You start resting.
HP restored.
Things that are here:
a +0 club; a goblin corpse
Found a +0 club.
The kobold shouts!
The kobold hits you from afar with a +0 spear.
The kobold barely misses you.
You hit the kobold.
The kobold is heavily wounded.
The kobold closely misses you.
You barely miss the kobold.
The kobold is heavily wounded.
The kobold barely misses you.
You hit the kobold but do no damage.
The kobold is heavily wounded.
The kobold hits you but does no damage.
You hit the kobold but do no damage.
The kobold is heavily wounded.
The kobold misses you.
You hit the kobold but do no damage.
The kobold is heavily wounded.
The kobold hits you but does no damage.
You hit the kobold but do no damage.
The kobold is heavily wounded.
The kobold hits you with a +0 spear.
* * * LOW HITPOINT WARNING * * *
You barely miss the kobold.
The kobold is heavily wounded.
The kobold barely misses you.
You barely miss the kobold.
The kobold is heavily wounded.
The kobold hits you but does no damage.
You hit the kobold but do no damage.
The kobold is heavily wounded.
The kobold hits you with a +0 spear.
You die...

.#.. .. .. ..#.. ..#..#.
.#..#... #. .
...#.#.#.#.#... ...# .##.
..# ..#.#.#.#.. #....# ....
..##.#...#.##......# #..
....#.....#........#
#..######...<...######..# ##
#.......#.....#........# #.
#.....##.#@K.#.##......# #.
#...##..#.#.#.#..##....###.
#..#...#.#.#.#.#...#...#...
#.....#..#.#.#..#......#.#.
#....#..#..#..#..#.....#.#.
##..#...#..#..#...#..#.#.#.
.......#..)#...#.....#.#..#
##.#........#........##.#...
#.###.............####.#...


You could see a kobold.

Vanquished Creatures
  A goblin (D:1)
  A kobold (D:1)
2 creatures vanquished.

Notes
Turn   | Place    | Note
-------+----------+-------------------------------------------
     0 | D:1      | Shayle the Demonspawn Enchanter began the quest for the
                  | Orb.
     0 | D:1      | Reached XP level 1. HP: 13/13 MP: 3/3
   270 | D:1      | Slain by a kobold

Illustrated notes

Levels and vault maps discovered:
D:1:      minmay_arrival_radiant_lines, layout_basic,
          ebering_ecumenical_altar_webs, serial_shops, shop

Action                   || total
-------------------------++-------
Melee: Dagger            ||    15
Armor: Robe              ||     3
Dodge: Dodged            ||     6

Table legend: (Time is in decaauts)
 A = Elapsed time spent in this place.
 B = Non-inter-level travel time spent in this place.
 C = Inter-level travel time spent in this place.
 D = Time resting spent in this place.
 E = Time spent auto-exploring this place.
 F = Levels seen in this place.
 G = Mean time per level.
                   A        B        C        D        E       F      G
               +--------+--------+--------+--------+--------+-----+--------+
         Total |    269 |    269 |      0 |    119 |     76 |   1 |  269.0 |
       Dungeon |    269 |    269 |      0 |    119 |     76 |   1 |  269.0 |
               +--------+--------+--------+--------+--------+-----+--------+

Top non-repeatable levels by time:
     D:1: 269 daAuts
